 Dungeon Crawl Stone Soup version 0.29.0-5-ge4962eb29e (webtiles) character file.

Game seed: 14818668415166828237

9 Woods the Grave Robber (level 2, -1/19 HPs)
             Began as a Mummy Necromancer on Aug 30, 2022.
             Slain by a kobold
             ... wielding a +0 whip
              (4 damage)
             ... on level 1 of the Dungeon.
             The game lasted 00:00:54 (264 turns).

Woods the Grave Robber (Mummy Necromancer)           Turns: 264, Time: 00:00:54

Health: -1/19      AC:  2    Str: 11    XL:     2   Next: 3%
Magic:  0/5        EV: 12    Int: 14    God:
Gold:   16         SH:  0    Dex: 12    Spells: 5/6 levels left

rFire   x . .      SeeInvis .   (no weapon)
rCold   + . .      Faith    .   (no shield)
rNeg    + + +      Spirit   .   a - +0 robe
rPois   ∞          Reflect  .   (no helmet)
rElec   .          Harm     .   (no cloak)
rCorr   .          Rampage  .   (no gloves)
Will    .....                   (no boots)
Stlth   ++........              (no amulet)
HPRegen 0.06/turn               (no ring)
MPRegen 0.09/turn               (no ring)

@: very slightly contaminated
A: cold resistance 1, negative energy resistance 3, torment resistance 2, heat
vulnerability 1, no potions
a: no special abilities


You were on level 1 of the Dungeon.
You visited 1 branch of the dungeon, and saw 1 of its levels.

You collected 16 gold pieces.

Inventory:

Armour
 a - a +0 robe (worn)
Scrolls
 b - a scroll of teleportation {unknown}


   Skills:
 + Level 1.7 Dodging
 + Level 1.8 Stealth
 + Level 2.9 Spellcasting
 + Level 4.1 Necromancy


You had 5 spell levels left.
You knew the following spells:

 Your Spells              Type           Power      Damage    Failure   Level
a - Necrotise             Necr           52%        1d6       4%          1

Your spell library contained the following spells:

 Spells                   Type           Power      Damage    Failure   Level
 Vampiric Draining        Necr           13%        2d6       12%         3
 Animate Dead             Necr           13%        N/A       36%         4
 Agony                    Necr           13%        N/A       73%         5


Dungeon Overview and Level Annotations

Branches:
Dungeon (1/15)

Altars:


Innate Abilities, Weirdness & Mutations

You are immune to poison.
Your flesh is cold resistant. (rC+)
You are immune to negative energy. (rN+++)
You are immune to unholy pain and torment.
You are vulnerable to heat. (rF-)
You do not drink.


Message History

Your jackal skeleton is destroyed!
Your frilled lizard skeleton bites the jackal but does no damage.
The jackal completely misses you.
Your jackal skeleton closely misses the jackal.
Aiming: Necrotise (safe; 4% risk of failure)
Press: ? - help, Q - select action Shift-Dir - straight line, f - jackal
Aim: a jackal (lightly wounded, ally target, chance to affect: 83%)
You miscast Necrotise.
You are very lightly contaminated with residual magic.
Nothing appears to happen.
Your frilled lizard skeleton bites the jackal.
The jackal barely misses you.
Your jackal skeleton bites the jackal but does no damage.
The kobold throws a stone.
The stone misses you.
You hit the jackal but do no damage.
The jackal is lightly wounded.
The jackal bites you.
Your jackal skeleton closely misses the jackal.
Your frilled lizard skeleton barely misses the jackal.
The jackal bites you but does no damage.
You barely miss the jackal.
The jackal is lightly wounded.
Your jackal skeleton barely misses the jackal.
The jackal barely misses you.
Your frilled lizard skeleton bites the jackal.
The kobold hits you with a +0 whip.
You closely miss the jackal.
The jackal is heavily wounded.
Your jackal skeleton bites the jackal.
The jackal bites you but does no damage.
The kobold hits you but does no damage.
Your frilled lizard skeleton bites the jackal.
You hit the jackal.
You kill the jackal!
The kobold hits you with a +0 whip.
* * * LOW HITPOINT WARNING * * *
Your jackal skeleton bites the kobold.
You have reached level 2!
The kobold attacks as you move away! The kobold hits you with a +0 whip.
You die...

......
##+#......
#.........
#.......#
#.......#
#.......+
#.KZ....#
#.@.....#
##..$Z...#
#........#
#........#
#........#
#
#........#
.
#........#
#
#....#+###
. ####.# #


You could see a kobold (ally target), a friendly frilled lizard skeleton and a
friendly jackal skeleton.

Vanquished Creatures
  An endoplasm (D:1)
  A hobgoblin (D:1)
  3 jackals (D:1)
  A kobold (D:1)
  A frilled lizard (D:1)
7 creatures vanquished.

Notes
Turn   | Place    | Note
-------+----------+-------------------------------------------
     0 | D:1      | Woods the Mummy Necromancer began the quest for the Orb.
     0 | D:1      | Reached XP level 1. HP: 13/13 MP: 4/4
   264 | D:1      | Reached XP level 2. HP: 3/19 MP: 0/5
   264 | D:1      | Slain by a kobold

Illustrated notes

Levels and vault maps discovered:
D:1:      giann_forest_graveyard, layout_basic,
          hellmonk_ecumenical_altar_heavens_door

Action                   || total
-------------------------++-------
Melee: Unarmed           ||     6
 Cast: Necrotise         ||    11
Armor: Robe              ||     3
Dodge: Dodged            ||     5
